 Dungeon Sprint DCSS version 0.29-a0-892-g2c4c91d9db (webtiles) character file.

Game seed: 13566904967261950457

4 mhtbhm the Shield-Bearer (level 1, -6/22 HPs)
             Began as a Gargoyle Fighter on July 23, 2022.
             Mangled by a black bear (9 damage)
             ... in the Dungeon (Sprint IX: "|||||||||||||||||||||||||||||").
             The game lasted 00:00:05 (147 turns).

mhtbhm the Shield-Bearer (Gargoyle Fighter)          Turns: 147, Time: 00:00:06

Health: -6/22      AC:  9    Str: 19    XL:     1   Next: 70%
Magic:  1/1        EV:  9    Int:  8    God:
Gold:   0          SH:  4    Dex:  9    Spells: 0/0 levels left

rFire   . . .      SeeInvis .   a - +0 flail
rCold   . . .      Faith    .   c - +0 buckler
rNeg    + . .      Spirit   .   b - +0 scale mail
rPois   ∞          Reflect  .   (no helmet)
rElec   +          Harm     .   (no cloak)
rCorr   .          Rampage  .   (no gloves)
Will    .....      NoTele   +   (no boots)
Stlth   ..........              (no amulet)
HPRegen 0.07/turn               (no ring)
MPRegen 0.07/turn               (no ring)

@: berserking, very quick
A: sickness immunity, AC +2, negative energy resistance 1, electricity
resistance, torment resistance 1, petrification resistance
a: no special abilities


You were in the Dungeon.
You visited 1 branch

Inventory:

Hand Weapons
 a - a +0 flail (weapon)
Armour
 b - a +0 scale mail (worn)
 c - a +0 buckler (worn)
Scrolls
 j - a scroll of blinking
Potions
 d - a potion of might
 e - a potion of curing
 f - a potion of heal wounds
 g - a potion of haste
 h - 2 potions of magic


   Skills:
 + Level 3.8 Fighting
 + Level 2.3 Maces & Flails
 + Level 3.8 Armour
 + Level 3.8 Shields


You couldn't memorise any spells.
You didn't know any spells.
Your spell library was empty.

Dungeon Overview and Level Annotations

Branches:
Dungeon (1/1)

Altars:


Innate Abilities, Weirdness & Mutations

You are immune to sickness and miasma.
Your stone body is resilient. (AC +2)
You are immune to poison.
You resist negative energy. (rN+)
You are resistant to electric shocks. (rElec)
You are resistant to unholy torment.
You are immune to petrification.


Message History

No target in view!
No target in view!
There is an open door to the Dungeon, spattered with blood here.
Things that are here:
a +0 club; a giant cockroach corpse You start resting.
HP restored.
You open the door.
A water moccasin, a howler monkey, a hound and 2 black bears come into view.
The black bear growls angrily.
The howler monkey howls!
The hound barks!
Unknown command.
A red film seems to cover your vision as you go berserk!
You feel yourself moving faster!
You feel mighty! The black bear barely misses you. The black bear claws you.
The black bear closely misses you.
You sock the black bear!
The black bear is heavily wounded.
The black bear bites you. The black bear claws you.
The black bear closely misses you.
The howler monkey hoots and howls with incredible vigour!
You thump the black bear!
The black bear is severely wounded.
The black bear goes berserk!
You closely miss the black bear.
The black bear is severely wounded.
The black bear bites you but does no damage.
The black bear claws you. x2
* * * LOW HITPOINT WARNING * * *
The black bear bites you but does no damage.
You block the black bear's attack. The black bear barely misses you.
You barely miss the black bear.
The black bear is severely wounded.
The black bear closely misses you. The black bear claws you.
* * * LOW HITPOINT WARNING * * *
The black bear closely misses you.
Unknown command.
You closely miss the black bear.
The black bear is severely wounded.
The black bear bites you!
You die...

▓.▓
▓.▓
▓.▓
▓)▓
▓.▓
▓.▓
▓.▓
▓.▓
▓@▓
▓h▓
▓S▓
▓h▓
▓h▓
▓h▓
▓.▓
▓+▓


You could see a water moccasin, 2 black bears, a howler monkey and a hound.

Vanquished Creatures
  A giant cockroach (D)
  A quokka (D)
  A ball python (D)
  A bat (D)
  A goblin (D)
5 creatures vanquished.

Notes
Turn   | Place    | Note
-------+----------+-------------------------------------------
     0 | D        | mhtbhm the Gargoyle Fighter began the quest for the Orb.
     0 | D        | Reached XP level 1. HP: 14/14 MP: 1/1
   141 | D        | Noticed a black bear
   141 | D        | Noticed a water moccasin
   141 | D        | Noticed a howler monkey
   141 | D        | Noticed a hound
   141 | D        | Noticed a black bear
   147 | D        | Mangled by a black bear

Illustrated notes

Levels and vault maps discovered:
D:        linesprint [early_d, line_temple, items_1, d_10, items_2, lair_1,
          lair_end, items_3, orc_1, orc_end, items_4, d_15, swamp_1, shoals_1,
          snake_1, spider_1, d_20, vaults_1, items_5, swamp_end, shoals_end,
          snake_end, spider_end, vaults_end, d_27, items_6, zot_1, zot_end,
          crypt_end, forest_end, elf_end, slime_end, tomb_end, abyss_end,
          pan_hell_end]

Action                   || total
-------------------------++-------
Melee: Flail             ||    19
  Use: Potion            ||     1
Armor: Scale mail        ||     8
Dodge: Dodged            ||    12
Block: Buckler           ||     6

Table legend: (Time is in decaauts)
 A = Elapsed time spent in this place.
 B = Non-inter-level travel time spent in this place.
 C = Inter-level travel time spent in this place.
 D = Time resting spent in this place.
 E = Time spent auto-exploring this place.
 F = Levels seen in this place.
 G = Mean time per level.
                   A        B        C        D        E       F      G
               +--------+--------+--------+--------+--------+-----+--------+
         Total |    151 |    151 |      0 |    117 |      3 |   1 |  151.0 |
       Dungeon |    151 |    151 |      0 |    117 |      3 |   1 |  151.0 |
               +--------+--------+--------+--------+--------+-----+--------+

Top non-repeatable levels by time:
       D: 151 daAuts
